 Dungeon Crawl Stone Soup version 0.24.0-125-gc4c63601f3 (webtiles) character file.

Game seed: 13895086202407143273, levelgen mode: deterministic

503504 Johnny the Brawler (level 24, -2/248 HPs)
             Began as a Troll Berserker on Feb 23, 2020.
             Was the Champion of Cheibriados.
             Slain by a vault warden
             ... wielding a +0 broad axe
              (13 damage)
             ... on level 5 of the Vaults on Feb 24, 2020.
             The game lasted 01:42:01 (51339 turns).

Johnny the Brawler (Troll Berserker)               Turns: 51339, Time: 01:42:01

Health: -2/248     AC: 34    Str: 66    XL:     24   Next: 56%
Magic:  0/42       EV: 29    Int: 18    God:    Cheibriados [******]
Gold:   494        SH:  0    Dex: 32    Spells: 38/45 levels left

rFire    + + +     SeeInvis .     - Unarmed
rCold    + + +     Gourm    +   (shield currently unavailable)
rNeg     . . .     Faith    .   a - +6 gold dragon scales
rPois    +         Spirit   +   s - +2 hat of Ufanap {+Inv Str+6}
rElec    +         Reflect  .   M - scarf {rC+ rF+}
rCorr    +         Harm     .   (gloves unavailable)
MR       +....                  (boots unavailable)
Stlth    ..........             R - amulet of guardian spirit
HPRegen  0.91/turn              c - +5 ring of slaying
MPRegen  0.28/turn              q - ring of Venk {+Blink rElec MP+9 Dex+3}

@: confused, mighty, agile, blade hands (expiring), resistant, marked, very
slightly contaminated, very slow
A: large, unfitting armour, claws 3, camouflage 1, fast metabolism 3, gourmand,
low mp 1, regeneration 1, shaggy fur 1, tough skin 3
}: 1/15 runes: serpentine
a: End Transformation, Bend Time, Temporal Distortion, Slouch, Step From Time,
Renounce Religion, Evoke Blink, Evoke Invisibility


You were on level 5 of the Vaults.
You worshipped Cheibriados.
Cheibriados was exalted by your worship.
You were full.
You had blades for hands.
You visited 9 branches of the dungeon, and saw 45 of its levels.
You visited the Abyss 1 time.
You visited 1 bazaar.
You also visited: Gauntlet.

You collected 7597 gold pieces.
You spent 7103 gold pieces at shops.

Inventory:

Missiles
 p - 112 large rocks
 X - 8 throwing nets (quivered)
Armour
 a - +6 gold dragon scales (worn)
 s - the +2 hat of Ufanap (worn) {+Inv Str+6}
   (You found it on level 6 of the Lair of Beasts)

   It affects your strength (+6).
   It lets you turn invisible.
 M - a scarf of resistance (worn)
 U - the +2 acid dragon scales "Nicraluf" {rCorr Stlth+}
   (You found it on level 4 of the Shoals)

   It provides partial protection from all sources of acid and corrosion.
   It makes you more stealthy.
Jewellery
 c - a +5 ring of slaying (left scythe-like blade)
 e - an uncursed amulet of faith
 q - the ring of Venk (right scythe-like blade) {+Blink rElec MP+9 Dex+3}
   (You took it off a deep elf death mage on level 3 of the Elven Halls)

   [ring of magical power]

   It affects your dexterity (+3).
   It insulates you from electricity.
   It affects your magic capacity (+9).
   It lets you blink.
 L - an uncursed ring of protection from magic
 N - the amulet "Ezemn" {Acrobat Str+3}
   (You took it off a deep elf annihilator on level 3 of the Elven Halls)

   [amulet of the acrobat]

   It helps you evade while moving and waiting.
   It affects your strength (+3).
 O - an uncursed ring of wizardry
 R - an amulet of guardian spirit (around neck)
 S - an uncursed amulet of harm
Wands
 b - a wand of digging (6)
 u - a wand of iceblast (12)
 Y - a wand of acid (21)
Scrolls
 i - 27 scrolls of remove curse
 k - 9 scrolls of magic mapping
 o - 2 scrolls of holy word
 v - 4 scrolls of vulnerability
 w - 2 scrolls of immolation
 y - 8 scrolls of identify
 H - a scroll of silence
 I - 6 scrolls of fog
 Z - 4 scrolls of torment
Potions
 g - 10 potions of flight
 h - 11 potions of haste
 j - 10 potions of mutation
 l - 15 potions of curing
 m - 8 potions of brilliance
 r - 3 potions of magic
 t - a potion of resistance
 A - 3 potions of ambrosia
 B - 4 potions of berserk rage
 C - a potion of invisibility
 D - 4 potions of lignification
 G - 4 potions of cancellation
 J - 6 potions of agility
 K - a potion of might
Miscellaneous
 x - 2 boxes of beasts
 P - a lightning rod (4/4)
 Q - a lamp of fire
 T - a phial of floods
 W - a phantom mirror
Comestibles
 d - 81 rations


   Skills:
 - Level 16.1 Fighting
 - Level 18.4 Armour
 - Level 16.0 Dodging
 - Level 18.6 Unarmed Combat
 + Level 11.4 Spellcasting
 - Level 6.6 Translocations
 + Level 11.9 Transmutations


You had 38 spell levels left.
You knew the following spells:

 Your Spells              Type           Power        Failure   Level  Hunger
a - Blink                 Tloc           N/A          22%         2    None
b - Blade Hands           Tmut           ######....   32%         5    ####...

Your spell library contained the following spells:

 Spells                   Type           Power        Failure   Level  Hunger
 Beastly Appendage        Tmut           ######       8%          1    None
 Sticks to Snakes         Tmut           ######..     10%         2    None
 Passwall                 Tmut/Erth      ####....     26%         2    None
 Gell's Gravitas          Tloc           ####......   30%         3    None
 Lesser Beckoning         Tloc           ####......   30%         3    None
 Teleport Other           Tloc           ####....     30%         3    None
 Spider Form              Tmut/Pois      ####......   36%         3    None
 Shroud of Golubria       Chrm/Tloc      ###...       43%         2    None
 Ignite Poison            Fire/Tmut/Pois ###.....     52%         3    None
 Passage of Golubria      Tloc           N/A          54%         4    ##.....
 Recall                   Summ/Tloc      N/A          58%         3    None
 Ice Form                 Ice/Tmut       ####....     61%         4    ##.....
 Petrify                  Tmut/Erth      ####....     61%         4    ##.....
 Animate Skeleton         Necr           N/A          65%         1    None
 Flame Tongue             Conj/Fire      ##...        65%         1    None
 Freeze                   Ice            ##..         65%         1    None
 Infusion                 Chrm           ##..         65%         1    None
 Magic Dart               Conj           ##..         65%         1    None
 Sandblast                Erth           ##....       65%         1    None
 Sting                    Conj/Pois      ##..         65%         1    None
 Summon Small Mammal      Summ           ##..         65%         1    None
 Call Imp                 Summ           ##......     75%         2    None
 Searing Ray              Conj           ##....       75%         2    None
 Slow                     Hex            ##......     75%         2    None
 Sublimation of Blood     Necr           ##........   75%         2    None
 Throw Frost              Conj/Ice       ##....       75%         2    None
 Alistair's Intoxication  Tmut/Pois      ####....     86%         5    ####...
 Irradiate                Conj/Tmut      ####......   86%         5    ####...
 Force Lance              Conj/Tloc      ###.....     87%         4    ##.....
 Call Canine Familiar     Summ           ##......     89%         3    None
 Conjure Flame            Conj/Fire      ##......     89%         3    None
 Dazzling Spray           Conj/Hex       ##....       89%         3    None
 Mephitic Cloud           Conj/Pois/Air  ##......     89%         3    None
 Ozocubu's Armour         Chrm/Ice       ##......     89%         3    None
 Stone Arrow              Conj/Erth      ##....       89%         3    None
 Summon Guardian Golem    Hex/Summ       ##......     89%         3    None
 Summon Forest            Summ/Tloc      ###.......   98%         5    ####...
 Dragon Form              Tmut           ######....   98%         7    #######
 Airstrike                Air            ##........   99%         4    ##.....
 Cause Fear               Hex            ##........   99%         4    ##.....
 Fulminant Prism          Conj/Hex       ##........   99%         4    ##.....
 Iskenderun's Mystic Bla  Conj           ##......     99%         4    ##.....
 Leda's Liquefaction      Hex/Erth       ##........   99%         4    ##.....
 Summon Ice Beast         Ice/Summ       ##......     99%         4    ##.....
 Summon Lightning Spire   Summ/Air       ##......     99%         4    ##.....
 Throw Icicle             Conj/Ice       ##......     99%         4    ##.....
 Agony                    Necr           ##......     100%        5    ####...
 Aura of Abjuration       Summ           ##........   100%        5    ####...
 Bolt of Magma            Conj/Fire/Erth ##........   100%        5    ####...
 Excruciating Wounds      Chrm/Necr      ##........   100%        5    ####...
 Fireball                 Conj/Fire      ##........   100%        5    ####...
 Iskenderun's Battlesphe  Conj/Chrm      ##......     100%        5    ####...
 Lee's Rapid Deconstruct  Erth           ##........   100%        5    ####...
 Summon Demon             Summ           ##........   100%        5    ####...
 Summon Mana Viper        Hex/Summ       ##......     100%        5    ####...
 Bolt of Fire             Conj/Fire      ##........   100%        6    ######.
 Death Channel            Necr           ##........   100%        6    ######.
 Deflect Missiles         Chrm/Air       ##........   100%        6    ######.
 Freezing Cloud           Conj/Ice/Air   ##........   100%        6    ######.
 Iron Shot                Conj/Erth      ##........   100%        6    ######.
 Shadow Creatures         Summ           N/A          100%        6    ######.
 Statue Form              Tmut/Erth      ####.....    100%        6    ######.
 Malign Gateway           Summ/Tloc      ###.......   100%        7    #######
 Ring of Flames           Chrm/Fire      ##........   100%        7    #######
 Ignition                 Fire           ##........   100%        8    #######
 Dragon's Call            Summ           ##........   100%        9    #######
 Shatter                  Erth           ##........   100%        9    #######
 Tornado                  Air            ##........   100%        9    #######


Dungeon Overview and Level Annotations

Branches:
Dungeon (15/15)            Temple (1/1) D:4            Lair (6/6) D:9
 Shoals (4/4) Lair:3        Snake (4/4) Lair:3        Slime (0/5) Lair:6
    Orc (2/2) D:9             Elf (3/3) Orc:2        Vaults (5/5) D:14
  Crypt (0/3) Vaults:2     Depths (5/5) D:15        Gauntlet (visited)
    Zot: Depths:5

Altars:
Ashenzari
Cheibriados
Elyvilon
Fedhas
Hepliaklqana
Kikubaaqudgha
Makhleb
Nemelex Xobeh
Okawaru
Ru
Sif Muna
Trog
Uskayaw
Vehumet
Wu Jian
Xom
Yredelemnul
The Shining One
Beogh
Jiyva

Shops:
D:5 :   D:9 *!   D:11 [   D:12 =   Orc:1 (   Orc:2 ([[(   Elf:2 *!:*(
Snake:1 [:}[(*![}   Snake:2 =[   Snake:3 =}}   Vaults:1 [   Depths:2 =

Portals:
Hell: Depths:1 Depths:2 Depths:3 Depths:4
Abyss: Depths:1 Depths:2 Depths:4
Pandemonium: Depths:2 Depths:3
Ziggurat: Depths:5

Annotations:
Depths:3 8 runed translucent doors


Innate Abilities, Weirdness & Mutations

You are too large for most types of armour.
You have claws for hands.
Your metabolism is lightning-fast.
You like to eat raw meat.
Your natural rate of healing is unusually fast.
You are covered in fur. (AC +1)
You have extremely tough skin. (AC +3)
Your skin changes colour to match your surroundings (Stealth+).
Your magical capacity is low. (-10% MP)


Message History

The quicksilver dragon closely misses you.
The quicksilver dragon claws you but does no damage.
The vault warden completely misses you. The golden dragon misses you.
The golden dragon claws you but does no damage.
The golden dragon completely misses you.
You shred the golden dragon!!!
You kill the golden dragon!
Cheibriados thoroughly appreciates the change of pace.
The quicksilver dragon completely misses you.
The quicksilver dragon claws you but does no damage.
The yaktaur wields a +3 arbalest.
The yaktaur shoots a bolt.
The bolt completely misses you.
Unknown command.
You shred the quicksilver dragon!!!
You kill the quicksilver dragon!
Cheibriados thoroughly appreciates the change of pace.
The quicksilver dragon scales are intact enough to wear.
A tengu reaver comes into view.
It is wielding a +0 great mace and wearing a +3 scale mail of cold resistance.
The vault warden hits you with a +0 broad axe!!
You die...

## ###
##}###@##
#...#§§p#
#.#p#c#e#
#p§C#§eC#
#p#O#.#.#.#
#9pC#...#.Q.#
#p#C#
#.#p#.#.#


#HpO# #...#... #p# # #e#.#. You could see 2 vault wardens, a tengu reaver, a
deep elf annihilator, an ettin, a deep elf high priest and a yaktaur.

Vanquished Creatures
  3 juggernauts (Depths:4)
  2 ancient liches
  A caustic shrike (Depths:4)
  The ghost of Notrik the Slayer, an adept MiBe of Trog (Elf:3)
  5 golden dragons
  A Tzitzimitl (Depths:2)
  A hellephant (Abyss:2)
  Jorgrun (Elf:1)
  4 tentacled monstrosities
  A titan (Depths:2)
  3 deep elf blademasters
  2 quicksilver dragons (Vaults:5)
  2 deep elf master archers (Elf:3)
  8 liches
  Polyphemus (Shoals:3)
  2 tentacled starspawn (Abyss:2)
  Gastronok (Lair:3)
  7 sphinxes
  A shadow dragon (Vaults:5)
  The ghost of Johnny the Earth Mage, a journeyman DgEE (Elf:1)
  5 tengu reavers
  9 fire giants
  6 nagarajas
  Ilsuiw (Shoals:3)
  12 vault wardens
  9 deep elf sorcerers
  2 orc warlords
  8 frost giants
  2 iron dragons (Depths:4)
  A cacodemon (Gauntlet)
  The ghost of Kyghyut the Black Sun, a journeyman DDNe of Kikubaaqudgha (D:15)
  Aizul (Snake:1)
  A caustic shrike zombie (Depths:2)
  3 deep elf elementalists (Elf:3)
  A juggernaut skeleton (Depths:2)
  11 ironheart preservers
  A war gargoyle (Vaults:2)
  5 reapers (Depths:2)
  33 stone giants
  An entropy weaver (shapeshifter) (Depths:4)
  A caustic shrike skeleton (Depths:4)
  3 spriggan defenders (Depths:4)
  An entropy weaver (Vaults:3)
  24 very ugly things
  10 deep elf demonologists
  4 vampire knights
  A yellow draconian (Vaults:2)
  8 deep elf annihilators
  8 spark wasps
  A purple draconian (Vaults:2)
  A minotaur (Gauntlet)
  17 ettins
  13 deep elf death magi
  2 crystal guardians
  4 merfolk javelineers
  7 merfolk impalers
  An ettin (shapeshifter) (Depths:4)
  Snorg (Lair:3)
  A fire dragon (shapeshifter) (Depths:4)
  8 great orbs of eyes
  9 fire dragons
  4 deep elf high priests
  13 slime creatures
  11 yaktaur captains
  A quicksilver dragon skeleton (Depths:4)
  Harold (D:7)
  6 naga warriors
  13 vault guards
  9 ice dragons
  9 rakshasas
  3 catoblepae
  3 death knights
  A hell beast (Depths:3)
  8 hydras
  A juggernaut simulacrum (Depths:2)
  5 merfolk aquamancers (Shoals:4)
  12 centaur warriors
  18 ogre magi
  5 spriggan air magi
  A two-headed ogre (shapeshifter) (Elf:3)
  3 anacondas
  2 alligator snapping turtles
  44 two-headed ogres
  10 deep troll shamans
  An anaconda (shapeshifter) (Vaults:2)
  2 titan zombies
  4 death yaks
  3 spriggan berserkers
  20 dancing weapons
  5 tengu warriors
  7 naga sharpshooters
  7 deep troll earth magi
  An orc high priest (Orc:2)
  A hell knight (Depths:4)
  22 deep elf knights
  4 vampire magi
  2 soul eaters (Depths:2)
  A thrashing horror (Abyss:2)
  Sonja (Lair:3)
  5 shock serpents
  3 storm dragon zombies
  2 spriggans (Depths:2)
  A wretched star (Abyss:2)
  A fire crab (Lair:5)
  5 iron trolls
  2 spark wasp zombies (Depths:2)
  A small abomination (Depths:2)
  An unseen horror (D:10)
  19 sea snakes
  A deep troll (shapeshifter) (Vaults:1)
  6 flayed ghosts
  4 wizards
  15 deep elf archers
  26 deep trolls
  2 shadow dragon zombies
  5 naga ritualists
  A golden dragon skeleton (Depths:2)
  4 glowing orange brains
  8 ironbrand convokers
  10 harpies
  Pikel (D:6)
  2 harpies (shapeshifter)
  3 tengu skeletons (Depths:2)
  11 orc knights
  A tengu zombie (Depths:2)
  12 necromancers
  10 mana vipers
  An iron dragon zombie (Depths:2)
  A mana viper (shapeshifter) (Depths:4)
  64 deep elf magi
  A sphinx skeleton (Depths:2)
  33 ugly things
  An oklob plant (Shoals:4)
  3 fauns
  2 wolf spiders
  11 manticores
  2 orc sorcerers
  30 cyclopes
  A shadow dragon skeleton (Depths:2)
  A faun (shapeshifter) (Elf:3)
  6 salamanders
  6 merfolk sirens
  6 elephants (Lair:5)
  2 frost giant skeletons (Depths:2)
  27 black mambas
  An ice statue (Gauntlet)
  A fire giant skeleton (Depths:2)
  2 black mambas (shapeshifter)
  A torpor snail (Lair:3)
  A guardian serpent (Snake:3)
  A centaur zombie (D:14)
  A water nymph (shapeshifter) (Depths:4)
  A smoke demon (Abyss:2)
  13 vault sentinels
  19 naga magi
  6 water nymphs
  16 spiny frogs
  A spiny frog (shapeshifter) (Vaults:3)
  A minotaur zombie (Gauntlet)
  A kobold demonologist (D:12)
  6 rime drakes
  A rime drake (shapeshifter) (Depths:1)
  48 yaktaurs
  8 komodo dragons
  2 freezing wraiths
  3 hellwings (Abyss:2)
  A redback zombie (D:13)
  An ice devil (Depths:3)
  3 queen bees (shapeshifter)
  A red devil (Depths:3)
  A jumping spider (Vaults:3)
  3 tengu conjurers
  A merfolk (shapeshifter) (Vaults:2)
  38 merfolk
  A yaktaur skeleton (Vaults:3)
  A wind drake (shapeshifter) (Vaults:3)
  18 polar bears
  12 trolls
  2 hornets (Depths:2)
  A shadow dragon simulacrum (Depths:2)
  17 dream sheep
  2 wind drakes
  A meliai zombie (D:13)
  3 raiju (Abyss:2)
  3 tyrant leeches (Lair:6)
  8 blink frogs
  2 stone giant simulacra
  2 ettin zombies (Depths:2)
  11 snapping turtles
  6 hippogriffs
  2 frost giant simulacra (Depths:2)
  An air elemental (Elf:1)
  3 redbacks (Vaults:3)
  4 large abominations (Abyss:2)
  A wraith (Vaults:2)
  A vampire (D:13)
  10 humans
  2 tarantellas (shapeshifter)
  4 basilisks
  3 humans (shapeshifter)
  21 water elementals
  A yak (shapeshifter) (Vaults:1)
  6 shadows
  27 yaks
  A neqoxec (Abyss:2)
  4 fire elementals
  2 elf zombies
  4 hungry ghosts
  2 steam dragons
  4 vampire mosquitoes (D:15)
  A soldier ant (D:13)
  4 wargs
  21 nagas
  2 acid dragons
  12 water moccasins
  A floating eye (Depths:4)
  6 porcupines
  A sky beast (D:7)
  A human skeleton (Depths:2)
  46 orc warriors
  2 slaves (D:6)
  19 black bears
  An eye of draining (D:15)
  2 spriggan simulacra (Depths:2)
  6 ice beasts
  A black bear (shapeshifter) (Vaults:4)
  2 wolves (D:9)
  52 ogres
  7 boggarts
  2 phantoms
  An elf simulacrum (Depths:2)
  25 centaurs
  14 crocodiles
  2 big kobolds
  15 bullfrogs
  3 earth elementals (Elf:3)
  A wyvern zombie (D:13)
  A water moccasin skeleton (D:8)
  A scorpion (D:4)
  31 killer bees
  15 wights
  3 electric eels
  8 howler monkeys
  9 crimson imps
  A bullfrog zombie (D:9)
  3 quasits
  14 hounds
  A hound (shapeshifter) (Depths:4)
  29 orc priests
  A gnoll shaman (D:10)
  3 bullfrog skeletons
  7 jellies
  4 centaur skeletons
  An iron imp (Abyss:2)
  3 iguanas
  8 worker ants
  32 orc wizards
  A hound skeleton (D:6)
  5 worker ant zombies
  5 gnolls
  8 adders
  A howler monkey skeleton (D:11)
  A shadow imp (D:13)
  An ooze (D:3)
  4 adder skeletons
  An adder zombie (D:9)
  2 worms (D:2)
  A dart slug (D:2)
  6 leopard geckos
  119 orcs
  9 bats
  7 giant cockroaches
  10 goblins
  10 hobgoblins
  17 jackals
  11 kobolds
  5 quokkas
  2 ball pythons
  A leopard gecko skeleton (D:5)
  A quokka zombie (D:7)
  5 rats
  6 plants
1950 creatures vanquished.

Vanquished Creatures (collateral kills)
  Vashnia (Snake:3)
  2 nagarajas (Snake:4)
  An orc warlord (Orc:2)
  A deep elf demonologist (Elf:3)
  A merfolk impaler (Shoals:4)
  A merfolk javelineer (Shoals:4)
  2 hydras (Lair:6)
  6 naga warriors
  2 centaur warriors (D:14)
  A two-headed ogre (D:14)
  3 anacondas (Snake:4)
  5 dancing weapons (Elf:2)
  2 death yaks (Shoals:3)
  Urug (D:14)
  3 deep elf knights
  4 naga sharpshooters
  A salamander mystic (Snake:3)
  3 deep elf archers
  2 naga ritualists (Snake:4)
  3 harpies
  2 deep elf magi
  2 mana vipers (Snake:4)
  An ugly thing (D:13)
  A faun (Shoals:2)
  2 salamanders (Snake:3)
  5 black mambas
  A manticore (Shoals:4)
  A centaur zombie (D:14)
  7 naga magi
  A smoke demon (Abyss:2)
  A merfolk siren (Shoals:3)
  7 spiny frogs (Lair:6)
  2 queen bees (D:9)
  3 merfolk
  2 trolls
  A tyrant leech (Lair:6)
  A dream sheep (Shoals:2)
  3 snapping turtles
  6 blink frogs (Lair:6)
  A slime creature (D:13)
  A water elemental (Shoals:4)
  A basilisk (D:11)
  5 humans (D:14)
  9 vampire mosquitoes
  A warg (Orc:1)
  9 nagas
  9 orc warriors
  An ice beast (D:11)
  A black bear (Vaults:3)
  3 centaurs (D:11)
  A crocodile (Lair:6)
  9 bullfrogs (Lair:6)
  23 killer bees (D:9)
  An electric eel (Lair:6)
  A bullfrog zombie (D:11)
  3 orc priests
  5 orc wizards
  A small abomination (Abyss:2)
  A shadow imp (D:11)
  12 orcs
  2 kobolds (D:11)
  2 plants (Shoals:4)
196 creatures vanquished.

Vanquished Creatures (others)
  A vault warden (Vaults:5)
  A vampire knight (Depths:4)
  A deep elf demonologist (Elf:3)
  A yaktaur captain (Depths:5)
  A centaur warrior (D:10)
  A two-headed ogre (D:10)
  A deep elf knight (Vaults:3)
  A shadow wraith (Vaults:2)
  A vault sentinel (Vaults:5)
  3 polar bears (Depths:2)
  3 water elementals
  A human (D:14)
  A vampire mosquito (Lair:6)
  An orc warrior (Vaults:3)
  2 ogres
  A boggart (Depths:4)
  An adder (D:10)
  A leopard gecko (D:10)
  2 orcs
  30 plants
  4 starspawn tentacles (Abyss:2)
59 creatures vanquished.

Grand Total: 2205 creatures vanquished

Notes
Turn   | Place    | Note
-------+----------+-------------------------------------------
     0 | D:1      | Johnny the Troll Berserker began the quest for the Orb.
     0 | D:1      | Reached XP level 1. HP: 22/22 MP: 0/0
    55 | D:1      | Reached XP level 2. HP: 26/29 MP: 1/1
   251 | D:1      | Reached XP level 3. HP: 36/36 MP: 2/2
   257 | D:1      | Reached ** piety under Trog
   973 | D:2      | Reached XP level 4. HP: 45/45 MP: 3/3
  1453 | D:3      | Noticed a centaur
  1462 | D:3      | Killed a centaur
  1462 | D:3      | Reached XP level 5. HP: 14/53 MP: 4/4
  1565 | D:3      | Found a hazy altar of Hepliaklqana.
  1567 | D:3      | Found an ancient bone altar of Kikubaaqudgha.
  1567 | D:3      | Found a hide-covered altar of Uskayaw.
  1694 | D:3      | Reached *** piety under Trog
  2077 | D:3      | Reached XP level 6. HP: 45/62 MP: 5/5
  2226 | D:4      | Found a sparkling altar of Nemelex Xobeh.
  2226 | D:4      | Found a blossoming altar of Fedhas.
  2227 | D:4      | Found a shimmering altar of Xom.
  2327 | D:4      | Reached skill level 5 in Unarmed Combat
  2394 | D:4      | Found a staircase to the Ecumenical Temple.
  2798 | D:4      | Reached XP level 7. HP: 67/70 MP: 6/6
  2904 | D:5      | Entered Level 5 of the Dungeon
  3223 | D:5      | Found Xoshuz's Book Shop.
  3388 | D:5      | Reached **** piety under Trog
  3724 | D:6      | Reached skill level 5 in Fighting
  3724 | D:6      | Reached skill level 5 in Dodging
  3750 | D:6      | Noticed a hungry ghost
  3754 | D:6      | Killed a hungry ghost
  3754 | D:6      | Reached XP level 8. HP: 80/80 MP: 7/7
  3863 | D:6      | Noticed Pikel
  3879 | D:6      | Killed Pikel
  4269 | D:7      | Reached XP level 9. HP: 79/89 MP: 8/8
  4476 | D:7      | Noticed Harold
  4490 | D:7      | Killed Harold
  4820 | D:7      | Reached ***** piety under Trog
  5048 | D:8      | Identified the Grimoire of Creative Battle Magic
  5075 | D:8      | Noticed a two-headed ogre
  5081 | D:8      | Killed a two-headed ogre
  5081 | D:8      | Reached XP level 10. HP: 64/102 MP: 9/9
  5456 | D:8      | Found a basalt altar of Yredelemnul.
  5642 | D:9      | Received a gift from Trog
  5650 | D:9      | Found a staircase to the Lair.
  5651 | D:9      | Found Rucseqomacs's Distillery.
  5690 | D:9      | Bought a potion of ambrosia for 128 gold pieces
  5690 | D:9      | Bought 2 potions of agility for 128 gold pieces
  5997 | D:9      | Reached skill level 10 in Unarmed Combat
  6350 | D:9      | Found a staircase to the Orcish Mines.
  6388 | D:9      | Found Ratim's Lightly-Used Armoury.
  6539 | D:10     | Entered Level 10 of the Dungeon
  6539 | D:10     | Found a shimmering altar of Xom.
  6539 | D:10     | Noticed a two-headed ogre
  6539 | D:10     | Noticed a centaur warrior
  6766 | D:10     | Killed a two-headed ogre
  6772 | D:10     | Killed a centaur warrior
  6824 | D:9      | Reached XP level 11. HP: 26/113 MP: 10/10
  7016 | D:10     | Received a gift from Trog
  7182 | D:10     | Killed an unseen horror
  7618 | D:10     | Reached skill level 1 in Armour
  7883 | D:11     | Noticed a white ugly thing
  7892 | D:11     | Killed a white ugly thing
  8106 | Orc:1    | Entered Level 1 of the Orcish Mines
  8106 | Orc:1    | Noticed an orc warlord
  8108 | Orc:1    | Noticed an orc sorcerer
  8375 | Orc:1    | Killed an orc sorcerer
  8478 | Orc:1    | Found Lufilaxu's Weapon Boutique.
  8513 | Orc:1    | Found a roughly hewn altar of Beogh.
  8682 | Orc:2    | Entered Level 2 of the Orcish Mines
  8704 | Orc:2    | Noticed an orc knight
  8718 | Orc:2    | Killed an orc knight
  8788 | Orc:1    | Noticed a two-headed ogre
  8814 | Orc:1    | Killed a two-headed ogre
  8814 | Orc:1    | Reached XP level 12. HP: 126/126 MP: 11/11
  9112 | Orc:2    | Found a roughly hewn altar of Beogh.
  9273 | Orc:2    | Found a roughly hewn altar of Beogh.
  9356 | Orc:2    | Found a staircase to the Elven Halls.
  9431 | Orc:2    | Found a roughly hewn altar of Beogh.
  9444 | Orc:2    | Found Akep's Antique Armour Shop.
  9518 | Orc:2    | Found a roughly hewn altar of Beogh.
  9618 | Orc:2    | Found a roughly hewn altar of Beogh.
  9682 | Orc:2    | Noticed an orc high priest
  9740 | Orc:2    | Reached skill level 10 in Fighting
  9744 | Orc:2    | Reached skill level 10 in Dodging
  9911 | Orc:2    | Found a roughly hewn altar of Beogh.
  9916 | Orc:2    | Found Tebap's Antique Weapon Shoppe.
  9924 | Orc:2    | Received a gift from Trog
  9999 | Orc:2    | Noticed an orc warlord
 10008 | Orc:2    | Killed an orc high priest
 10015 | Orc:2    | Killed an orc warlord
 10061 | Orc:2    | Found Iluydd's Antique Armour Shoppe.
 10062 | Orc:2    | Found a roughly hewn altar of Beogh.
 10063 | Orc:2    | Found Ixeugred's Antique Weapon Emporium.
 10159 | D:9      | Bought -2 gold dragon scales for 910 gold pieces
 10368 | D:11     | Found Ylapnan's Antique Armour Boutique.
 10808 | D:12     | Reached skill level 5 in Armour
 10827 | D:12     | Found Zeutsy's Jewellery Emporium.
 10934 | D:12     | Noticed a two-headed ogre
 10936 | D:12     | Noticed a two-headed ogre
 10942 | D:12     | Killed a two-headed ogre
 10948 | D:12     | Killed a two-headed ogre
 11202 | D:13     | Noticed a centaur warrior
 11220 | D:13     | Killed a centaur warrior
 11286 | D:13     | Found a gate leading to a gauntlet.
 11287 | D:13     | Noticed a two-headed ogre
 11297 | Gauntlet | Entered a Gauntlet
 11297 | Gauntlet | Found a runed translucent door.
 11297 | Gauntlet | Found a transporter.
 11297 | Gauntlet | Found a runed translucent door.
 11304 | Gauntlet | Found a transporter.
 11306 | Gauntlet | Found a transporter.
 11315 | Gauntlet | Found a transporter.
 11317 | Gauntlet | Found a transporter.
 11327 | Gauntlet | Found a transporter.
 11339 | Gauntlet | Noticed a cacodemon
 11341 | Gauntlet | Found a runed translucent gate.
 11342 | Gauntlet | Found a transporter.
 11342 | Gauntlet | Found a runed translucent gate.
 11343 | Gauntlet | Found a runed translucent gate.
 11352 | Gauntlet | Found a transporter.
 11359 | Gauntlet | Noticed a ghost crab
 11362 | Gauntlet | Found a transporter.
 11370 | Gauntlet | Found a runed translucent door.
 11370 | Gauntlet | Found a runed translucent door.
 11376 | Gauntlet | Found a transporter.
 11391 | Gauntlet | Found a transporter.
 11392 | Gauntlet | Found a transporter.
 11438 | Gauntlet | Found a transporter.
 11452 | Gauntlet | Found a transporter.
 11731 | Gauntlet | Reached XP level 13. HP: 135/135 MP: 12/12
 11799 | Gauntlet | Killed a cacodemon
 11806 | Gauntlet | Got a pitted cloak
 11813 | Gauntlet | Identified the +2 cloak "Ydahae" {rPois} (You found it in a
                  | Gauntlet)
 11839 | Gauntlet | Identified the +8 long sword of Exquisite Torment {venom,
                  | +Inv rElec rC- MR++}
 11839 | Gauntlet | Noticed a minotaur
 11848 | Gauntlet | Killed a minotaur
 12317 | D:13     | Received a gift from Trog
 12960 | D:14     | Found a gate to the Vaults.
 12960 | D:14     | Noticed Urug
 13052 | D:14     | Killed Urug
 13408 | D:14     | Received a gift from Trog
 13778 | D:15     | Entered Level 15 of the Dungeon
 13903 | D:15     | Found a staircase to the Depths.
 13903 | D:15     | Noticed a fire giant
 13990 | D:15     | Killed a fire giant
 14008 | D:15     | Found a runed translucent door.
 14013 | D:15     | Reached XP level 14. HP: 135/146 MP: 13/13
 14806 | D:15     | Noticed Kyghyut's ghost (journeyman DDNe)
 14825 | D:15     | Killed Kyghyut's ghost
 14835 | D:15     | Identified Vuak's Papyrus of Cloudy Transmutation
 14991 | Lair:1   | Entered Level 1 of the Lair of Beasts
 16225 | Lair:2   | Received a gift from Trog
 16327 | Lair:2   | Reached ****** piety under Trog
 16820 | Lair:3   | Found a staircase to the Shoals.
 17038 | Lair:3   | Found a staircase to the Snake Pit.
 17129 | Lair:3   | Noticed Snorg
 17130 | Lair:3   | Noticed Sonja
 17143 | Lair:3   | Killed Snorg
 17209 | Lair:3   | Killed Sonja
 17227 | Lair:3   | Noticed Gastronok
 17234 | Lair:3   | Killed Gastronok
 17384 | Lair:3   | Got a transparent granite ring
 17656 | Lair:3   | Identified the ring "Mael" {rF+ Dex+6 Stlth-} (You found it
                  | on level 3 of the Lair of Beasts)
 17748 | Lair:4   | Received a gift from Trog
 18134 | Lair:4   | Reached XP level 15. HP: 124/157 MP: 14/14
 18679 | Lair:5   | Received a gift from Trog
 18961 | Lair:6   | Entered Level 6 of the Lair of Beasts
 19080 | Lair:6   | Received a gift from Trog
 19233 | Lair:6   | Got a spiked hat
 19263 | Lair:6   | Identified the +2 hat of Ufanap {+Inv Str+6} (You found it
                  | on level 6 of the Lair of Beasts)
 19411 | Lair:6   | Found a viscous altar of Jiyva.
 19412 | Lair:6   | Found a staircase to the Slime Pits.
 19997 | D:9      | Bought a potion of curing for 48 gold pieces
 19997 | D:9      | Bought a potion of curing for 48 gold pieces
 19997 | D:9      | Bought a potion of haste for 160 gold pieces
 19997 | D:9      | Bought a potion of mutation for 128 gold pieces
 19997 | D:9      | Bought 2 potions of cancellation for 256 gold pieces
 19997 | D:9      | Bought a potion of curing for 48 gold pieces
 19997 | D:9      | Bought a potion of agility for 64 gold pieces
 19997 | D:9      | Bought a potion of brilliance for 64 gold pieces
 19997 | D:9      | Bought a potion of flight for 48 gold pieces
 20085 | Snake:1  | Entered Level 1 of the Snake Pit
 20285 | Snake:1  | Found Dyoxopom's Antique Weapon Emporium.
 20293 | Snake:1  | Found Extic's Gadget Shoppe.
 20293 | Snake:1  | Found Kumpimmi's Gadget Emporium.
 20296 | Snake:1  | Found Supriw's General Store.
 20366 | Snake:1  | Bought a scroll of identify for 38 gold pieces
 20366 | Snake:1  | Bought a potion of agility for 76 gold pieces
 20377 | Snake:1  | Found Poetasom's Antique Armour Shoppe.
 20387 | Snake:1  | Found Yssemima's Antique Armour Emporium.
 20528 | Snake:1  | Found Muxam's Distillery.
 20554 | Snake:1  | Found Berph's Book Shoppe.
 20623 | Snake:1  | Noticed Aizul
 20636 | Snake:1  | Killed Aizul
 20692 | Snake:1  | Found Qotsuc's Antique Armour Boutique.
 20794 | Snake:2  | Found Finiyqesh's Jewellery Shop.
 20798 | Snake:2  | Found Dule's Armour Shop.
 20811 | Snake:2  | Noticed a nagaraja
 20818 | Snake:2  | Killed a nagaraja
 21168 | Snake:2  | Noticed a nagaraja
 21179 | Snake:2  | Killed a nagaraja
 21199 | Snake:2  | Reached skill level 15 in Unarmed Combat
 21330 | Snake:2  | Received a gift from Trog
 22080 | Snake:3  | Reached skill level 10 in Armour
 22245 | Snake:3  | Identified the +4 fire dragon scales of the Princess {rF++
                  | rC- rN+}
 22337 | Snake:3  | Found Goll's Gadget Shop.
 22339 | Snake:3  | Found Hoghor's Jewellery Shoppe.
 22340 | Snake:3  | Found Lot Vaib's Gadget Shop.
 22465 | Snake:3  | Noticed Vashnia
 22481 | Snake:3  | Reached XP level 16. HP: 63/169 MP: 15/15
 22486 | Snake:3  | Killed Vashnia
 23317 | Snake:4  | Entered Level 4 of the Snake Pit
 24121 | Snake:4  | Got a serpentine rune of Zot
 24772 | Elf:1    | Entered Level 1 of the Elven Halls
 25012 | Elf:1    | Received a gift from Trog
 25077 | Elf:1    | Received a gift from Trog
 25416 | Elf:1    | Found a runed translucent door.
 25417 | Elf:1    | Noticed Johnny's ghost (journeyman DgEE)
 25486 | Elf:1    | Noticed Jorgrun
 25498 | Elf:1    | Killed Jorgrun
 25498 | Elf:1    | Reached XP level 17. HP: 179/179 MP: 16/16
 25822 | Elf:1    | Killed Johnny's ghost
 25939 | Elf:2    | Found Nuth's Weapon Boutique.
 26109 | Elf:2    | Found Zenophiuq's Distillery.
 26112 | Elf:2    | Received a gift from Trog
 26120 | Elf:2    | Found Pujaxkad's Assorted Antiques.
 26122 | Elf:2    | Found Yruaseup's Assorted Antiques.
 26122 | Elf:2    | Found Umeser's Book Shoppe.
 26140 | Elf:2    | Bought a scroll of identify for 58 gold pieces
 26318 | Elf:2    | Identified Sif Muna's Incunabulum of Enhancements
 26368 | Elf:2    | Gained mutation: Your body sometimes deteriorates upon
                  | taking damage. [mutagenic glow]
 26394 | Elf:3    | Entered Level 3 of the Elven Halls
 26405 | Elf:3    | Gained mutation: Your magical capacity is low. (-10% MP)
                  | [mutagenic glow]
 26461 | Elf:3    | Gained mutation: You tend to lose your temper in combat.
                  | [mutagenic glow]
 26479 | Elf:3    | Noticed a Tzitzimitl
 26487 | Elf:3    | Noticed a Hell Sentinel
 26487 | Elf:3    | Noticed a deep elf master archer
 26489 | Elf:3    | Noticed a deep elf blademaster
 26505 | Elf:3    | Noticed a deep elf blademaster
 26508 | Elf:3    | Noticed a deep elf master archer
 26556 | Elf:3    | Lost mutation: Your body sometimes deteriorates upon taking
                  | damage. [potion of mutation]
 26556 | Elf:3    | Lost mutation: You tend to lose your temper in combat.
                  | [potion of mutation]
 26556 | Elf:3    | Gained mutation: Your skin changes colour to match your
                  | surroundings (Stealth+). [potion of mutation]
 26666 | Elf:3    | Received a gift from Trog
 26981 | Elf:3    | Identified the cursed +0 dagger "Troll's Regret" {venom,
                  | *Drain rPois Int+5 SInv}
 26981 | Elf:3    | Identified the amulet "Ezemn" {Acrobat Str+3}
 26985 | Elf:3    | Identified the +9 plate armour of Qazlal's Fury {rPois
                  | Str+2 Dex+3}
 26989 | Elf:3    | Identified the ring of Zin's Esteem {+Inv Int+2}
 27000 | Elf:3    | Killed a deep elf blademaster
 27009 | Elf:3    | Identified the +2 quarterstaff of Spontaneous Combustion
                  | {freeze, MR++}
 27009 | Elf:3    | Identified the ring of Venk {+Blink rElec MP+9 Dex+3}
 27239 | Elf:3    | Killed a deep elf master archer
 27250 | Elf:3    | Killed a deep elf blademaster
 27463 | Elf:3    | Killed a deep elf master archer
 27563 | Elf:3    | Killed a ghostly deep elf blademaster
 27563 | Elf:3    | Reached XP level 18. HP: 112/191 MP: 15/15
 27882 | Elf:3    | Found a large runed translucent door.
 27882 | Elf:3    | Found a large runed translucent door.
 27913 | Elf:3    | Noticed Notrik's ghost (adept MiBe)
 28212 | Elf:3    | Identified the Grimoire of Dark Magic and the Rocks
 28595 | Elf:3    | Killed Notrik's ghost
 28958 | Elf:2    | Found a huge runed translucent gate.
 28959 | Elf:2    | Found a huge runed translucent gate.
 28960 | Elf:2    | Found a huge runed translucent gate.
 28961 | Elf:2    | Found a huge runed translucent gate.
 28962 | Elf:2    | Found a huge runed translucent gate.
 29192 | Elf:2    | Reached skill level 15 in Fighting
 29331 | Elf:2    | Reached skill level 15 in Dodging
 29598 | Shoals:1 | Entered Level 1 of the Shoals
 31104 | Shoals:3 | Noticed Ilsuiw
 31308 | Shoals:3 | Killed Ilsuiw
 31317 | Shoals:3 | Cast into level 2 of the Abyss (merfolk impaler)
 31317 | Abyss:2  | Found a corrupted altar of Lugonu.
 31375 | Abyss:2  | Received a gift from Trog
 31543 | Abyss:2  | Reached XP level 19. HP: 201/201 MP: 16/16
 31606 | Abyss:2  | Found a blossoming altar of Fedhas.
 31650 | Abyss:2  | Noticed a hellephant
 31668 | Abyss:2  | Killed a hellephant
 31674 | Shoals:3 | Escaped the Abyss
 31950 | Shoals:3 | Noticed Polyphemus
 31963 | Shoals:3 | Killed Polyphemus
 32139 | Shoals:4 | Entered Level 4 of the Shoals
 32696 | Shoals:4 | Received a gift from Trog
 32985 | Shoals:4 | Got brightly glowing acid dragon scales
 33347 | Shoals:4 | Identified the +2 acid dragon scales "Nicraluf" {rCorr
                  | Stlth+} (You found it on level 4 of the Shoals)
 34055 | Vaults:1 | Entered Level 1 of the Vaults
 34332 | Vaults:1 | Was placed under penance by Trog
 34335 | Vaults:1 | Learned a level 2 spell: Blink
 34661 | Vaults:1 | Was forgiven by Trog
 34900 | Vaults:1 | Found Tekiteos's Armour Boutique.
 34929 | Vaults:1 | Received a gift from Trog
 35014 | Vaults:1 | Reached XP level 20. HP: 213/213 MP: 17/17
 35234 | Vaults:1 | Reached skill level 1 in Translocations
 35240 | Vaults:1 | Reached skill level 1 in Spellcasting
 36111 | Vaults:2 | Noticed a golden dragon
 36120 | Vaults:2 | Killed a golden dragon
 36131 | Vaults:2 | Paralysed by a sphinx for 3 turns
 36139 | Vaults:2 | Fell from the grace of Trog
 36518 | Vaults:2 | Identified the +9 hunting sling of Quick Death {velocity,
                  | rPois Dex+2}
 36533 | Vaults:2 | Paralysed by a sphinx for 5 turns
 36796 | Temple   | Entered the Ecumenical Temple
 36808 | Temple   | Became a worshipper of Cheibriados the Contemplative
 37099 | Snake:1  | Bought a manual of Armour for 1766 gold pieces
 37622 | Vaults:2 | You fall into a shaft and drop 2 floors!
 37630 | Vaults:4 | Reached skill level 5 in Translocations
 37683 | Vaults:4 | Reached * piety under Cheibriados
 38817 | Vaults:3 | Reached ** piety under Cheibriados
 39156 | Vaults:2 | Found a gateway to a bazaar.
 39161 | Bazaar   | Entered a bazaar
 39163 | Bazaar   | Found Jamid's Assorted Antiques.
 39167 | Bazaar   | Found Vaisch's Book Boutique.
 39167 | Bazaar   | Found Nalijy's Distillery.
 39168 | Bazaar   | Found Tino's Magic Scroll Boutique.
 39193 | Bazaar   | Bought a book of Changes for 275 gold pieces
 39200 | Bazaar   | Learned a level 5 spell: Blade Hands
 39204 | Bazaar   | Bought a scroll of blinking for 82 gold pieces
 39204 | Bazaar   | Bought a scroll of teleportation for 33 gold pieces
 39212 | Bazaar   | Bought a potion of magic for 72 gold pieces
 39212 | Bazaar   | Bought a potion of invisibility for 72 gold pieces
 39212 | Bazaar   | Bought a potion of brilliance for 36 gold pieces
 39212 | Bazaar   | Bought a potion of cancellation for 72 gold pieces
 39212 | Bazaar   | Bought a potion of brilliance for 36 gold pieces
 39212 | Bazaar   | Bought a potion of flight for 27 gold pieces
 39222 | Bazaar   | Bought a scroll of enchant armour for 112 gold pieces
 39227 | Bazaar   | Bought a scroll of identify for 22 gold pieces
 39227 | Bazaar   | Bought a scroll of identify for 22 gold pieces
 39582 | Vaults:2 | Found a staircase to the Crypt.
 39721 | Vaults:2 | Paralysed by a sphinx for 4 turns
 39730 | Vaults:2 | Reached skill level 5 in Spellcasting
 39786 | Vaults:2 | Reached XP level 21. HP: 109/222 MP: 7/24
 39841 | Vaults:2 | Reached skill level 15 in Armour
 40626 | Vaults:3 | Reached *** piety under Cheibriados
 41443 | Vaults:4 | Reached skill level 1 in Transmutations
 41578 | Vaults:4 | Reached **** piety under Cheibriados
 41827 | Vaults:4 | Paralysed by Trog for 4 turns
 41920 | Vaults:4 | Reached ***** piety under Cheibriados
 42679 | Depths:1 | Entered Level 1 of the Depths
 43047 | Depths:1 | Found a gateway to Hell.
 43249 | Depths:1 | Reached ****** piety under Cheibriados
 43398 | Depths:1 | Found a one-way gate to the infinite horrors of the Abyss.
 43451 | Depths:1 | Paralysed by a great orb of eyes for 6 turns
 44008 | Depths:2 | Reached XP level 22. HP: 160/231 MP: 27/27
 44227 | Depths:2 | Found Vawi's Jewellery Boutique.
 44354 | Depths:2 | Reached skill level 5 in Transmutations
 44415 | Depths:2 | Found an ancient bone altar of Kikubaaqudgha.
 45325 | Depths:2 | Found a one-way gate leading to the halls of Pandemonium.
 46793 | Depths:3 | Found a large runed translucent door.
 46794 | Depths:3 | Found a large runed translucent door.
 46798 | Depths:3 | Found a large runed translucent door.
 46962 | Depths:3 | Found a large runed translucent door.
 46966 | Depths:3 | Found a large runed translucent door.
 46967 | Depths:3 | Found a large runed translucent door.
 47259 | Depths:3 | Found a large runed translucent door.
 47262 | Depths:3 | Found a large runed translucent door.
 47719 | Depths:4 | Noticed a golden dragon
 47720 | Depths:4 | Noticed a golden dragon
 47724 | Depths:4 | Killed a golden dragon
 47724 | Depths:4 | Reached XP level 23. HP: 222/238 MP: 30/30
 47932 | Depths:4 | Noticed a juggernaut
 47935 | Depths:4 | Noticed a juggernaut
 47958 | Depths:4 | Killed a juggernaut
 47966 | Depths:4 | Killed a juggernaut
 47987 | Depths:5 | Entered Level 5 of the Depths
 48018 | Depths:5 | Found a gateway to a ziggurat.
 48018 | Depths:5 | Noticed an ancient lich
 48333 | Depths:4 | Noticed a juggernaut
 48341 | Depths:4 | Killed a juggernaut
 48937 | Depths:4 | HP: 6/239 [spriggan defender/+4 demon whip of flaming (12)]
 49103 | Depths:4 | Reached skill level 10 in Spellcasting
 49171 | Depths:4 | Noticed a caustic shrike
 49173 | Depths:4 | Reached skill level 10 in Transmutations
 49184 | Depths:4 | Killed a caustic shrike
 49422 | Depths:4 | Reached XP level 24. HP: 237/248 MP: 32/32
 49799 | Depths:4 | Found the cursed +14 obsidian axe {chop, +Fly SInv *Curse}
 50099 | Depths:4 | Noticed an ancient lich
 50109 | Depths:4 | Paralysed by a vampire knight for 6 turns
 50119 | Depths:4 | Killed an ancient lich
 50248 | Depths:4 | Was forgiven by Trog
 50429 | Depths:4 | Identified Sif Muna's Volume of Stones and Arcane Weapons
 50830 | Snake:2  | Bought a +5 ring of slaying for 2274 gold pieces
 51285 | Vaults:5 | Entered Level 5 of the Vaults
 51294 | Vaults:5 | Noticed an ancient lich
 51297 | Vaults:5 | Paralysed by an ancient lich for 2 turns
 51302 | Vaults:5 | Killed an ancient lich
 51335 | Vaults:5 | HP: 9/248 [golden dragon (8)]
 51336 | Vaults:5 | HP: 2/248 [vault warden/+0 broad axe (13)]
 51339 | Vaults:5 | Slain by a vault warden

Levels and vault maps discovered:
D:1:      ebering_hopf_link, layout_loops_cross, minmay_ruptured
D:2:      layout_basic, serial_co_window_serial, co_window_paths_a,
          co_window_paths_a, co_window_corner_a, co_window_corner_a,
          co_window_paths_b, co_window_2corner, co_window_cross_3,
          co_window_2corner, glass_columns_b, minmay_pentomino_t2
D:3:      layout_loops_ring, grunt_temple_overflow_open, first_ration
D:4:      layout_basic, gammafunk_temple_overflow_forgotten,
          minmay_temple_entry_overgrown
D:5:      layout_basic, serial_shops, shop_fountains
D:6:      layout_rooms, moated_statue, uniq_pikel
D:7:      layout_cave_pods, uniq_harold
D:8:      layout_basic, basic_altar, chequers_hall_statues_y
D:9:      layout_roguey [special_room_bee], erik_lair_island, serial_shops,
          shop, david_nohive_1, minmay_shop_damaged, nicolae_two_hexagons
D:10:     layout_irregular_city, xom_confusion_cloud
D:11:     layout_cave_pools, serial_shops, shop
D:12:     layout_cross, serial_shops, shop_fountains
D:13:     layout_loops_ring, gauntlet_entry_generic, serial_rivers,
          chequers_serial_rivers_small_a, chequers_serial_rivers_room_a,
          chequers_serial_rivers_micro_d, chequers_serial_rivers_micro_b,
          chequers_serial_rivers_small_3
D:14:     layout_loops_ring, david_vaults_3, columned_hall_lemuel
D:15:     grunt_enter_depths_giant_problem, layout_basic,
          ebering_ghost_reflecting_pool, chequers_serial_rivers_large_a
Temple:   lightli_temple_of_artemis
Lair:1:   layout_cave_pods, st_stairs_4, uniq_urug
Lair:2:   beast_lair_carwin_large_1, layout_chaotic_city,
          cheibrodos_lair_caveside_slide, grunt_megastairs_4,
          infiniplex_staircase_pool
Lair:3:   layout_cave_pods, minmay_shoals_entry_centaurs,
          guppyfry_snake_entry_island, minmay_shattered_shrine,
          lemuel_fruit_fields, uniq_gastronok, uniq_sonja, uniq_snorg
Lair:4:   layout_gridlike
Lair:5:   layout_hall_layers
Lair:6:   minmay_lair_end_frog_pond, layout_misc_corridors,
          dpeg_slime_entry_enclosed_altar
Shoals:1: layout_shoals
Shoals:2: layout_shoals
Shoals:3: layout_shoals, uniq_ilsuiw, uniq_polyphemus
Shoals:4: shoals_end_grunt_ice, layout_shoals, dpeg_stationary_puzzle
Snake:1:  layout_cave_shapes, serial_shops, nicolae_shop_behind_doors,
          nicolae_shop_window_shopping, shop_fountains, shop, shop,
          minmay_shoptagon, uniq_aizul
Snake:2:  layout_chambers, special_room, grunt_megastairs_3, minmay_shop_star
Snake:3:  layout_grid_shapes, lemuel_fruit_tree, serial_bayou_shore_b,
          minmay_shop_grove, uniq_vashnia
Snake:4:  snake_pit, layout_gridlike, st_stairs_8, nicolae_snake_single_loop
Orc:1:    nicolae_orc_accident_2, layout_caves, serial_shops, shop
Orc:2:    grunt_orc_community_town_hall, layout_diamond_mine,
          grunt_orc_community_big_house_2, grunt_orc_community_big_house_1,
          grunt_orc_community_house_2, grunt_orc_community_house_3,
          grunt_orc_community_house_2, grunt_orc_community_house_2,
          grunt_orc_community_house_2, grunt_orc_community_house_1
Elf:1:    eino_elf_arrival_sip, layout_loops_ring,
          ebering_ghost_reflecting_pool, evilmike_minifort, uniq_jorgrun
Elf:2:    layout_geoelf_grid, serial_shops, shop, shop, shop,
          nicolae_shop_waterfront, shop_fountains, kilobyte_mutagenic_chamber
Elf:3:    grunt_elf_hall_diamonds, layout_rooms, ebering_ghost_disaster_area,
          nicolae_elf_stair_hall, minivault_4, minivault_14, grunt_ministairs_15
Vaults:1: v_misc_3, grunt_vaults_swirl, dpeg_vaults_waves,
          nicolae_vaults_little_squares_4, nicolae_vaults_twisting_passages,
          hangedman_vaults_capsules, v_misc_23, hangedman_vaults_trim,
          nicolae_vaults_yaktaur_gun_rack, vaults_room_stairs_pillars,
          layout_vaults_maze_bifur, serial_shops, shop
Vaults:2: vaults_dpeg_doors, nicolae_vaults_inception_scallops,
          vaults_standard_mumra_x, grunt_vaults_twisty,
          nicolae_vaults_little_squares_4, st_greater_box_5,
          nicolae_vaults_gold_heap, hangedman_vaults_cutoff,
          nicolae_vaults_little_squares_2, v_misc_13,
          hangedman_vaults_corner_blocks, vaults_mumra_hexcomb,
          blue_anna_dwarven_crypt, ontoclasm_vaults_loading_screen,
          ontoclasm_vaults_pinch, nicolae_vaults_specimen_jars,
          layout_vaults_omnibox, serial_shops, freezing_bzr
Vaults:3: ontoclasm_vaults_tryst, nicolae_vaults_network_periphery, v_misc_9,
          vaults_mumra_hex, v_misc_15, layout_vaults_omnigrid
Vaults:4: v_rooms_3, v_rooms_6, vaults_dpeg_spiral, v_misc_13,
          nicolae_vaults_network_barrier, v_misc_28, hangedman_vaults_cutoff,
          v_alt_pattern_2, v_misc_14, grunt_vaults_focal, nicolae_vaults_theta,
          nicolae_vaults_little_squares_6, ontoclasm_vaults_ligature,
          hangedman_vaults_impose, layout_vaults_ring
Vaults:5
Depths:1: layout_basic, abyss_entry, pf_dread_powers_of_hell,
          minmay_misc_feat_roman, lemuel_freeze_loot_1
Depths:2: evilmike_negative_zone, layout_cave_pools, hell_entry, serial_sigils,
          serial_sigils_hangedman_snap, serial_sigils_hangedman_shear,
          serial_sigils_hangedman_scratch, serial_sigils_hangedman_confine,
          serial_shops, shop, pan_entry, kennysheep_doodads,
          abyss_entry_crystal, kennysheep_opposing_triangles
Depths:3: minmay_five_octagons, layout_small_grid, grunt_mini_vestibule,
          minmay_misc_feat_four_crosses, pan_entry, minmay_holes,
          infiniplex_staircase_door_maze
Depths:4: minmay_octagon_city, layout_basic, abyss_entry, special_room
          [special_room_magic_class], hell_entry, minmay_misc_feat_five,
          infiniplex_staircase_zigzag_1
Depths:5: evilmike_zot_entry_hall, layout_basic, enter_ziggurat_c,
          chequers_decorated_corner, grunt_hell_entry_dis_grunt,
          lemuel_flamethrower_hall, serial_bayou_shore_a

Skill      XL: |  1  2  3  4  5  6  7  8  9 10 11 12 13 14 15 16 17 18 19 20 21 22 23 24 |
---------------+-------------------------------------------------------------------------+-----
Fighting       | 3 4 5 6 7 8 9 10 11 12 13 14 15 16 | 16.1
Dodging        | 3 4 5 6 7 8 9 10 11 12 13 14 15 16 | 16.0
Unarmed Combat | 4 5 6 7 8 10 11 12 13 14 15 16 17 18 | 18.6
Armour         | 3 5 7 8 10 11 12 13 14 17 18 | 18.4
Translocations | 6 |  6.6
Spellcasting   | 5 6 8 10 11 | 11.4
Transmutations | 4 7 10 11 | 11.9

Action                   |  1- 3 |  4- 6 |  7- 9 | 10-12 | 13-15 | 16-18 | 19-21 | 22-24 || total
-------------------------+-------+-------+-------+-------+-------+-------+-------+-------++-------
Melee: Unarmed           |   104 |   141 |   209 |   838 |  1014 |  1176 |  1650 |  1123 ||  6255
       Punch             |     1 |     1 |    10 |    38 |    67 |    93 |   199 |   177 ||   586
Throw: Throwing net      |       |       |       |       |     1 |     2 |       |       ||     3
 Cast: Blink             |       |       |       |       |       |       |    52 |    32 ||    84
       Blade Hands       |       |       |       |       |       |       |       |    24 ||    24
Invok: Berserk           |       |     1 |     4 |    21 |    16 |    14 |     7 |       ||    63
       Brothers in Arms  |       |       |       |    14 |    13 |    29 |     9 |       ||    65
       Trog's Hand       |       |       |       |    13 |     3 |    28 |     5 |       ||    49
       Slouch            |       |       |       |       |       |       |       |     1 ||     1
       Temporal Distorti |       |       |       |       |       |       |       |     1 ||     1
Evoke: Wand              |       |       |       |     5 |     5 |    29 |     6 |     2 ||    47
       Lightning rod     |       |       |       |     1 |       |     1 |     2 |       ||     4
       Sack of spiders   |       |       |       |       |       |     2 |     1 |       ||     3
       Box of beasts     |       |       |       |       |       |     1 |     3 |       ||     4
       Lamp of fire      |       |       |       |       |       |       |     3 |     3 ||     6
  Use: Scroll            |       |       |       |    18 |    19 |    24 |    11 |    13 ||    85
       Potion            |       |       |       |     1 |     1 |     9 |     8 |    18 ||    37
 Stab: Sleeping          |     1 |     1 |       |       |       |       |       |       ||     2
       Distracted        |       |       |       |     1 |     1 |     1 |     3 |       ||     6
       Confused          |       |       |       |       |     1 |     3 |       |       ||     4
       Petrified         |       |       |       |       |       |       |     3 |       ||     3
       Invisible         |       |       |       |       |       |       |       |     4 ||     4
  Eat: Chunk             |    13 |    17 |    30 |    98 |   113 |    82 |   100 |    52 ||   505
       Ration            |       |       |       |       |       |    14 |     2 |     1 ||    17
Armor: Animal skin       |    43 |    43 |    56 |       |       |       |       |       ||   142
       Steam dragon scal |       |       |     1 |   228 |       |       |       |       ||   229
       Gold dragon scale |       |       |       |   165 |   792 |   798 |  1044 |   831 ||  3630
Dodge: Dodged            |    57 |    79 |    99 |   554 |   481 |   580 |  1264 |  1303 ||  4417
